 Dungeon Crawl Stone Soup version 0.28.0 (webtiles) character file.

Game seed: 9802489422985653515

41 SnakkuSnakku7 the Sneak (level 3, -2/22 HPs)
             Began as a Tengu Enchanter on Feb 5, 2022.
             Slain by an orc (4 damage)
             ... on level 2 of the Dungeon.
             The game lasted 00:02:10 (1748 turns).

SnakkuSnakku7 the Sneak (Tengu Enchanter)           Turns: 1748, Time: 00:02:11

Health: -2/22      AC:  2    Str: 10    XL:     3   Next: 52%
Magic:  7/7        EV: 12    Int: 15    God:
Gold:   75         SH:  0    Dex: 14    Spells: 6/6 levels left

rFire   . . .      SeeInvis .   a - +1 dagger
rCold   . . .      Faith    .   (no shield)
rNeg    . . .      Spirit   .   b - +0 robe
rPois   .          Reflect  .   (helmet restricted)
rElec   .          Harm     .   (no cloak)
rCorr   .          Rampage  .   (no gloves)
Will    .....                   (boots unavailable)
Stlth   ++........              (no amulet)
HPRegen 0.07/turn               (no ring)
MPRegen 0.10/turn               (no ring)

@: no status effects
A: beak, talons 3
a: no special abilities


You were on level 2 of the Dungeon.
You visited 1 branch of the dungeon, and saw 2 of its levels.

You collected 75 gold pieces.

Inventory:

Hand Weapons
 a - a +1 dagger (weapon)
 i - a +0 battleaxe
Armour
 b - a +0 robe (worn)
Scrolls
 e - a scroll of enchant weapon {unknown}
 f - 2 scrolls of vulnerability {unknown}
Potions
 c - 3 potions of invisibility
 d - a potion of magic {unknown}
 g - a potion of heal wounds {unknown}
 h - 2 potions of flight {unknown}
 j - a potion of resistance {unknown}


   Skills:
 - Level 2.7 Fighting
 - Level 1.1 Short Blades
 + Level 1.0 Axes
 - Level 2.1 Dodging
 - Level 3.0 Stealth
 - Level 2.0 Spellcasting
 - Level 2.1 Hexes


You had 6 spell levels left.
You didn't know any spells.
Your spell library contained the following spells:

 Spells                   Type           Power      Damage    Failure   Level
 Ensorcelled Hibernation  Hex/Ice        8%         N/A       22%         2
 Confusing Touch          Hex            8%         N/A       26%         3
 Tukima's Dance           Hex            8%         N/A       26%         3
 Sublimation of Blood     Necr           1%         N/A       32%         2
 Wereblood                Tmut           1%         N/A       32%         2
 Dazzling Flash           Conj/Hex       8%         N/A       38%         3
 Summon Hydra             Summ           0%         N/A       100%        7


Dungeon Overview and Level Annotations

Branches:
Dungeon (2/15)

Altars:


Innate Abilities, Weirdness & Mutations

You have a beak for a mouth.
You have claws for feet.


Message History

The orc is heavily wounded.
The orc barely misses you.
You hit the orc but do no damage. You claw the orc, but do no damage.
The orc is heavily wounded.
The orc hits you with a +0 hand axe.
You hit the orc but do no damage. You claw the orc.
The orc is heavily wounded.
You hit the orc but do no damage. Your kick misses the orc.
You peck the orc, but do no damage.
The orc is heavily wounded.
The orc closely misses you.
You hit the orc.
You kill the orc!
Your Axes skill increases to level 1!
You hit the hobgoblin but do no damage. The hobgoblin barely misses you.
There is an open door here.
There is a stone staircase leading up here.
The hobgoblin barely misses you.
You climb upwards.
There is a stone staircase leading down here.
You are too injured to fight recklessly!
You are too injured to fight recklessly!
You are too injured to fight recklessly!
You hit the hobgoblin.
You claw the hobgoblin, but do no damage.
The hobgoblin is moderately wounded.
The hobgoblin hits you.
* * * LOW HITPOINT WARNING * * *
You hit the hobgoblin.
You kill the hobgoblin!
Search for what [? for help]? armor
There is a stone staircase leading down here.
You climb downwards.
The orc hits you with a +0 hand axe.
* * * LOW HITPOINT WARNING * * *
There is a stone staircase leading up here.
Unknown command.
You hit the orc. You peck the orc.
The orc is severely wounded.
The orc hits you with a +0 hand axe.
You die...

#...........#.#o#.....#
...##........#.#......#
...######..##..########
...######..##.####
...........#.....##############
.................'.†...†......#
##.........#.....############.#
#.........#...o.# #.......#.#
#..............@# #......##.#
#.........#.....####.........#
###..##.#.#.....##.......#####
##.##.#.########.#.....#
###..#.#+## #.#.....#
#.........# #.#########
#.........# #.........#
#.........# #########.#
#........## #.#


You could see an orc.

Vanquished Creatures
  3 dart slugs
  An orc (D:2)
  3 endoplasms (D:1)
  2 giant cockroaches
  3 goblins (D:1)
  3 hobgoblins
  2 jackals (D:1)
  3 quokkas (D:1)
  2 ball pythons (D:1)
  4 frilled lizards (D:1)
  2 kobolds (D:1)
  3 rats (D:1)
31 creatures vanquished.

Notes
Turn   | Place    | Note
-------+----------+-------------------------------------------
     0 | D:1      | SnakkuSnakku7 the Tengu Enchanter began the quest for the
                  | Orb.
     0 | D:1      | Reached XP level 1. HP: 10/10 MP: 4/4
    43 | D:1      | Reached skill level 1 in Fighting
   170 | D:1      | Reached XP level 2. HP: 12/16 MP: 6/6
   750 | D:1      | Reached XP level 3. HP: 22/22 MP: 7/7
  1722 | D:2      | Reached skill level 1 in Axes
  1748 | D:2      | Slain by an orc

Illustrated notes

Levels and vault maps discovered:
D:1:      tarquinn_simple_flora_water_f, layout_basic, serial_co_window_serial,
          co_window_paths_a, co_window_of_opportunity_a, co_window_paths_b,
          co_window_corner_a, co_window_paths_a, co_window_broadway_a,
          co_window_unsneaky_path_d, co_window_broadway_c, co_window_4corner_b,
          co_window_paths_d, glass_columns_c, glass_columns_a, glass_columns_a,
          item_on_display_b
D:2:      layout_basic, wad_orctagon

Skill      XL: |  1  2  3 |
---------------+----------+-----
Fighting       | 1 2 |  2.7
Axes           | 1 |  1.0
Short Blades   | |  1.1
Dodging        | |  2.1
Stealth        | |  3.0
Spellcasting   | |  2.0
Hexes          | |  2.1

Action                   || total
-------------------------++-------
Melee: Dagger            ||    88
       Kick              ||    22
       Peck              ||    12
       Punch             ||     1
 Stab: Sleeping          ||     7
Armor: Robe              ||    14
Dodge: Dodged            ||    30
